 Dungeon Crawl Stone Soup version 0.31-a0-654-gbe3e110b4e (webtiles) character file.

Game seed: 9285351404817242439

421 cforsyth the Charlatan (level 6, -8/47 HPs)
             Began as a Gnoll Artificer on Aug 29, 2023.
             Mangled by Duvessa
             ... wielding a +4 short sword
              (16 damage)
             ... on level 4 of the Dungeon.
             The game lasted 00:06:07 (3741 turns).

cforsyth the Charlatan (Gnoll Artificer)            Turns: 3741, Time: 00:06:08

Health: -8/47      AC:  9    Str: 11    XL:     6   Next: 94%
Magic:  9/9        EV:  7    Int: 12    God:
Gold:   113        SH:  0    Dex: 13    Spells: 9/9 levels left

rFire   . . .        a - +0 club (venom)
rCold   . . .        (no shield)
rNeg    . . .        i - +0 chain mail
rPois   .            (no helmet)
rElec   .            (no cloak)
rCorr   .            (no gloves)
SInv    .            (no boots)
Will    .....        p - amulet of the acrobat Stlth
                     s - +4 ring of slaying
HPRegen 0.27/turn    (no ring)
MPRegen 0.11/turn

%: acrobat
@: no status effects
A: fangs 1, strong nose, distributed training
a: no special abilities


You were on level 4 of the Dungeon.
You visited 1 branch of the dungeon, and saw 4 of its levels.
You also visited: Sewer.

You collected 166 gold pieces.
You spent 53 gold pieces at shops.

Inventory:

Hand Weapons
 a - a +0 club of venom (weapon)
 u - a +1 dagger of draining
Armour
 b - a +0 leather armour
 i - a +0 chain mail (worn)
Jewellery
 p - an amulet of the acrobat (around neck)
 s - a +4 ring of slaying (left hand)
Wands
 c - a wand of flame (8) (quivered)
 d - a wand of charming (14)
 e - a wand of iceblast (1)
Scrolls
 j - 3 scrolls of identify {unknown}
 l - a scroll of vulnerability
 n - a scroll of silence {unknown}
 o - a scroll of fear
 t - a scroll of immolation {unknown}
 v - 3 scrolls of blinking
 y - a scroll of teleportation
Potions
 f - a potion of might {unknown}
 g - 3 potions of degeneration {unknown}
 h - a potion of brilliance {unknown}
 k - a potion of enlightenment {unknown}
 m - 2 potions of ambrosia {unknown}
 q - a potion of heal wounds {unknown}
 r - a potion of magic {unknown}
 x - 2 potions of mutation {unknown}
Miscellaneous
 w - a box of beasts


   Skills:
 + Level 3.4 Fighting
 + Level 2.2 Short Blades
 + Level 2.2 Long Blades
 + Level 2.2 Axes
 + Level 2.2 Maces & Flails
 + Level 2.2 Polearms
 + Level 2.2 Staves
 + Level 2.2 Ranged Weapons
 + Level 2.2 Throwing
 + Level 5.1 Armour
 + Level 3.4 Dodging
 + Level 3.2 Stealth
 + Level 2.2 Shields
 + Level 2.2 Unarmed Combat
 + Level 2.2 Spellcasting
 + Level 1.8 Conjurations
 + Level 1.8 Hexes
 + Level 1.8 Summonings
 + Level 1.8 Necromancy
 + Level 1.8 Translocations
 + Level 1.8 Transmutations
 + Level 1.8 Fire Magic
 + Level 1.8 Ice Magic
 + Level 1.8 Air Magic
 + Level 1.8 Earth Magic
 + Level 1.8 Poison Magic
 + Level 2.4 Invocations
 + Level 6.9 Evocations
 + Level 2.0 Shapeshifting


You had 9 spell levels left.
You didn't know any spells.
Your spell library contained the following spells:

 Spells                   Type           Power      Damage    Failure   Level
 Lesser Beckoning         Tloc           10%        N/A       99%         2
 Gell's Gravitas          Tloc           5%         N/A       100%        3
 Teleport Other           Tloc           5%         N/A       100%        3


Dungeon Overview and Level Annotations

Branches:
Dungeon (4/15)              Sewer (visited)
 Temple: D:4-7

Altars:
Trog
Zin

Shops:
D:3 *

Annotations:
D:4 Duvessa


Innate Abilities, Weirdness & Mutations

You have very sharp teeth.
Your uncanny sense of smell can sniff out nearby items.
Your experience applies equally to all skills.


Message History

The puff of frost misses you.
Aiming: Iceblast
Press: ? - help, Shift-Dir - straight line, f - Dowan
Aim: Dowan, wielding a +0 dagger and wearing a +0 robe The mass of ice explodes!
The iceblast engulfs Dowan!
Dowan is heavily wounded.
The iceblast engulfs Duvessa!
Duvessa is moderately wounded.
Dowan casts a spell at you. The puff of flame hits you!
Unknown command.
Aiming: Iceblast
Press: ? - help, Shift-Dir - straight line, f/p - Dowan
Aim: Dowan, wielding a +0 dagger and wearing a +0 robe (heavily wounded)
The mass of ice explodes!
The iceblast engulfs Dowan!!
You kill Dowan!
Duvessa screams in rage.
Duvessa goes berserk!
The iceblast engulfs Duvessa!!
Duvessa is severely wounded.
Your Shapeshifting skill increases to level 2!
Aiming: Throw Flame
Press: ? - help, Shift-Dir - straight line, f - Duvessa
Aim: Duvessa, wielding a +4 short sword and wearing a +0 scale mail (severely wounded, berserk, 81% to hit)
The puff of flame hits Duvessa.
Duvessa is severely wounded.
Aiming: Throw Flame
Press: ? - help, Shift-Dir - straight line, f/p - Duvessa
Aim: Duvessa, wielding a +4 short sword and wearing a +0 scale mail (severely wounded, berserk, 81% to hit)
The puff of flame hits Duvessa!
Duvessa is almost dead.
Duvessa hits you with a +4 short sword!
Aiming: Throw Flame
Press: ? - help, Shift-Dir - straight line, f/p - Duvessa
Aim: Duvessa, wielding a +4 short sword and wearing a +0 scale mail (almost dead, berserk, 81% to hit)
The puff of flame hits Duvessa but does no damage.
Duvessa is almost dead.
Duvessa hits you with a +4 short sword!
* * * LOW HITPOINT WARNING * * *
Duvessa hits you with a +4 short sword!
You die...

∆ ....~P ~PP## ###.
...P~ PPP.P##... #..P ≈
~≈~P.P~.. #..#
~~♣≈♣~PPP~. #).#
~PP~≈♣♣~P.P #..#
#PPP♣♣≈~~PP #..##
~PP♣♣♣~~P #.e.######
♣~≈♣~PP
##.@.....PPPP♣~~~P.P
#.....P.~.~~♣~~~~~~#
#.....~P~~~♣P.~.#..#
#...~~~~♣~PP~P###.##
###...~~~PP.PP## #..##
###.....P~PPP~# ##....
........~~P~#.#####..##.
..............##........
######............####^#


You could see Duvessa (berserk).

Vanquished Creatures
  An ogre (D:4)
  A bullfrog (Sewer)
  Dowan (D:4)
  An orc priest (D:3)
  Jessica (D:3)
  7 adders
  A worm (D:3)
  2 dart slugs (D:1)
  4 orcs (D:3)
  8 ball pythons
  6 endoplasms
  7 giant cockroaches
  6 goblins
  5 hobgoblins
  8 jackals
  12 quokkas
  6 bats
  9 frilled lizards
  8 kobolds
  8 rats
102 creatures vanquished.

Vanquished Creatures (others)
  A bullfrog (Sewer)
1 creature vanquished.

Grand Total: 103 creatures vanquished

Notes
Turn   | Place    | Note
-------+----------+-------------------------------------------
     0 | D:1      | cforsyth the Gnoll Artificer began the quest for the Orb.
     0 | D:1      | Reached XP level 1. HP: 17/17 MP: 1/1
   205 | D:1      | Reached XP level 2. HP: 21/23 MP: 2/2
   643 | D:1      | Reached XP level 3. HP: 28/28 MP: 3/3
  1210 | D:2      | Reached skill level 1 in Invocations
  1515 | D:2      | Reached skill level 1 in Short Blades
  1515 | D:2      | Reached skill level 1 in Long Blades
  1515 | D:2      | Reached skill level 1 in Axes
  1515 | D:2      | Reached skill level 1 in Maces & Flails
  1515 | D:2      | Reached skill level 1 in Polearms
  1515 | D:2      | Reached skill level 1 in Staves
  1515 | D:2      | Reached skill level 1 in Ranged Weapons
  1515 | D:2      | Reached skill level 1 in Throwing
  1515 | D:2      | Reached skill level 1 in Shields
  1515 | D:2      | Reached skill level 1 in Unarmed Combat
  1515 | D:2      | Reached skill level 1 in Spellcasting
  1890 | D:2      | Reached skill level 1 in Shapeshifting
  1890 | D:2      | Reached XP level 4. HP: 19/34 MP: 5/5
  2171 | D:3      | Reached skill level 1 in Conjurations
  2171 | D:3      | Reached skill level 1 in Hexes
  2171 | D:3      | Reached skill level 1 in Summonings
  2171 | D:3      | Reached skill level 1 in Necromancy
  2171 | D:3      | Reached skill level 1 in Translocations
  2171 | D:3      | Reached skill level 1 in Transmutations
  2171 | D:3      | Reached skill level 1 in Fire Magic
  2171 | D:3      | Reached skill level 1 in Ice Magic
  2171 | D:3      | Reached skill level 1 in Air Magic
  2171 | D:3      | Reached skill level 1 in Earth Magic
  2171 | D:3      | Reached skill level 1 in Poison Magic
  2216 | D:3      | Reached XP level 5. HP: 31/40 MP: 6/6
  2351 | D:3      | Found Acyig's Assorted Antiques.
  2354 | D:3      | Bought 2 lumpy orange potions for 34 gold pieces
  2354 | D:3      | Bought a scroll labelled HEAX LARUSM for 19 gold pieces
  2422 | D:3      | Found a faded altar of an unknown god.
  2636 | D:3      | Found a glowing drain.
  2637 | D:3      | Noticed Jessica
  2642 | D:3      | Killed Jessica
  2666 | Sewer    | Entered a sewer
  3025 | Sewer    | Reached skill level 5 in Armour
  3025 | Sewer    | Reached XP level 6. HP: 25/47 MP: 8/8
  3420 | D:3      | Found a bloodstained altar of Trog.
  3589 | D:4      | Found a glowing silver altar of Zin.
  3731 | D:4      | Noticed Dowan
  3733 | D:4      | Noticed Duvessa
  3738 | D:4      | Killed Dowan
  3741 | D:4      | Mangled by Duvessa

Illustrated notes

Levels and vault maps discovered:
D:1:      shiori_arrival_elements, layout_loops_ring, nicolae_eternal_life,
          st_stairs_4, minivault_23, kennysheep_doodads, serial_bayou_pond_e,
          chequers_serial_rivers_small_3
D:2:      layout_loops_corners
D:3:      layout_loops_ring, mainiacjoe_overflow_alcove_1,
          chequers_ecumenical_altar_simple_redux, serial_bayou,
          serial_bayou_pond_d, serial_bayou_shore_b, serial_bayou_ford_a,
          serial_bayou_pond_a, cheibrodos_sewer_entry_bend, serial_shops, shop,
          uniq_jessica
D:4:      layout_cave_pods, mainiacjoe_overflow_boulevard,
          evilmike_ruin_ashenzari, lemuel_tele_altar,
          grunt_temple_overflow_diamond, serial_bayou, serial_bayou_pond_a,
          serial_bayou_lagoon_a, serial_bayou_crossing, serial_bayou_pond_e,
          uniq_duvessa

Skill      XL: |  1  2  3  4  5  6 |
---------------+-------------------+-----
Invocations    | 1 2 |  2.4
Short Blades   | 1 2 |  2.2
Long Blades    | 1 2 |  2.2
Axes           | 1 2 |  2.2
Maces & Flails | 1 2 |  2.2
Polearms       | 1 2 |  2.2
Staves         | 1 2 |  2.2
Ranged Weapons | 1 2 |  2.2
Throwing       | 1 2 |  2.2
Shields        | 1 2 |  2.2
Unarmed Combat | 1 2 |  2.2
Spellcasting   | 1 2 |  2.2
Shapeshifting  | 1 2 |  2.0
Conjurations   | 1 |  1.8
Hexes          | 1 |  1.8
Summonings     | 1 |  1.8
Necromancy     | 1 |  1.8
Translocations | 1 |  1.8
Transmutations | 1 |  1.8
Fire Magic     | 1 |  1.8
Ice Magic      | 1 |  1.8
Air Magic      | 1 |  1.8
Earth Magic    | 1 |  1.8
Poison Magic   | 1 |  1.8
Fighting       | 3 |  3.4
Dodging        | 3 |  3.4
Armour         | 5 |  5.1
Stealth        | 3 |  3.2
Evocations     | |  6.9

Action                     |  1- 3 |  4- 6 || total
---------------------------+-------+-------++-------
  Melee: Club              |   246 |   184 ||   430
         Bite              |    26 |    12 ||    38
         Punch             |     4 |     2 ||     6
  Evoke: Wand              |       |    12 ||    12
    Use: Scroll            |       |     6 ||     6
 Armour: Chain mail        |   201 |   166 ||   367
         Leather armour    |    10 |       ||    10
  Dodge: Dodged            |    92 |    94 ||   186

Table legend: (Time is in decaauts)
 A = Elapsed time spent in this place.
 B = Non-inter-level travel time spent in this place.
 C = Inter-level travel time spent in this place.
 D = Time resting spent in this place.
 E = Time spent auto-exploring this place.
 F = Levels seen in this place.
 G = Mean time per level.
                   A        B        C        D        E       F      G
               +--------+--------+--------+--------+--------+-----+--------+
         Total |   3935 |   3862 |     73 |     32 |   2546 |   5 |  787.0 |
       Dungeon |   3401 |   3328 |     73 |     32 |   2220 |   4 |  850.2 |
         Sewer |    533 |    533 |      0 |      0 |    326 |   1 |  533.0 |
               +--------+--------+--------+--------+--------+-----+--------+

Top non-repeatable levels by time:
     D:1: 1122 daAuts
     D:2: 1112 daAuts
     D:3: 870 daAuts
   Sewer: 533 daAuts
     D:4: 297 daAuts
